 Dungeon Crawl Stone Soup version 0.28-a0-577-gb193047a1f (webtiles) character file.

Game seed: 10409116724135160585

2432 pokedragonboy the Cleaver (level 9, -1/72 HPs)
             Began as a Formicid Fighter on Oct 1, 2021.
             Was an Initiate of Hepliaklqana.
             Slain by a sky beast (3 damage)
             ... on level 7 of the Dungeon.
             The game lasted 00:19:15 (8075 turns).

pokedragonboy the Cleaver (Formicid Fighter)        Turns: 8075, Time: 00:19:16

Health: -1/72      AC: 14    Str: 25    XL:     9   Next: 77%
Magic:  0/11       EV:  7    Int:  7    God:    Hepliaklqana [......]
Gold:   218        SH:  5    Dex: 10    Spells: 8/8 levels left

rFire   . . .      SeeInvis +   a - +0 war axe
rCold   . . .      Faith    .   c - +0 buckler
rNeg    . . .      Spirit   +   m - +1 plate armour
rPois   .          Reflect  .   (helmet unavailable)
rElec   .          Harm     .   (no cloak)
rCorr   .          Rampage  .   (no gloves)
Will    .....                   (no boots)
Stlth   ..........              p - amulet of guardian spirit
HPRegen 0.22/turn               (no ring)
MPRegen 0.12/turn               (no ring)

@: marked
A: permanent stasis, dig shafts and tunnels, antennae 3, four strong arms
a: Dig, Shaft Self, Renounce Religion


You were on level 7 of the Dungeon.
You worshipped Hepliaklqana.
Hepliaklqana was noncommittal.
You visited 2 branches of the dungeon, and saw 9 of its levels.
You also visited: Sewer.

You collected 296 gold pieces.
You spent 78 gold pieces at shops.

Inventory:

Hand Weapons
 a - a +0 war axe (weapon)
 b - a +4 flail
 v - the +1 long sword of Accord {flame, rC+}
   (You found it on level 8 of the Dungeon)

   It burns those it strikes, dealing additional fire damage.
   Big, fiery blades are also staple armaments of hydra-hunters.
   rC:        It protects you from cold.
Missiles
 s - 2 throwing nets
 u - 19 poisoned darts
Armour
 c - a +0 buckler (worn)
 m - a +1 plate armour (worn)
 n - a +0 kite shield
Jewellery
 p - an amulet of guardian spirit (around neck)
Wands
 l - a wand of iceblast (10)
 r - a wand of acid (9)
Scrolls
 h - a scroll of fog
 o - a scroll of enchant armour
 q - 4 scrolls of identify
 t - a scroll of enchant weapon {unknown}
Potions
 e - 2 potions of flight
 g - 3 potions of attraction
 k - a potion of heal wounds {unknown}


   Skills:
 + Level 7.0 Fighting
 * Level 8.4 Axes
 + Level 7.0 Armour
 + Level 6.2 Shields
 - Level 3.0 Invocations


You had 8 spell levels left.
You didn't know any spells.
Your spell library contained the following spells:

 Spells                   Type           Power      Damage    Failure   Level
 Passwall                 Tmut/Erth      0%         N/A       100%        2
 Slow                     Hex            0%         N/A       100%        2
 Sublimation of Blood     Necr           0%         N/A       100%        2
 Wereblood                Tmut           0%         N/A       100%        2
 Confusing Touch          Hex            0%         N/A       100%        3
 Ignite Poison            Fire/Tmut/Pois 0%         N/A       100%        3
 Mephitic Cloud           Conj/Pois/Air  0%         N/A       100%        3
 Vampiric Draining        Necr           0%         2d6       100%        3
 Freezing Cloud           Conj/Ice/Air   0%         6-21      100%        5
 Invisibility             Hex            0%         N/A       100%        6
 Summon Hydra             Summ           0%         N/A       100%        7
 Swiftness                Air            Unusable   N/A       N/A         3

Dungeon Overview and Level Annotations

Branches:
Dungeon (8/15)             Temple (1/1) D:6           Sewer (visited)
   Lair: D:8-11

Altars:
Ashenzari
Cheibriados
Dithmenos
Elyvilon
Fedhas
Gozag
Hepliaklqana
Kikubaaqudgha
Makhleb
Nemelex Xobeh
Okawaru
Qazlal
Ru
Sif Muna
Trog
Uskayaw
Vehumet
Wu Jian
Xom
Yredelemnul
Zin
The Shining One

Shops:
D:1 ?(   D:3 [

Annotations:
D:7 Harold


Innate Abilities, Weirdness & Mutations

You cannot be hasted, slowed, berserked, paralysed or teleported.
You can dig through walls and to a lower floor.
You have a pair of large antennae on your head. (SInv)
Your four strong arms can wield two-handed weapons with a shield.


Message History

Harold hits you but does no damage.
Unknown command.
It was a potion of magic.
Magic courses through your body. Harold hits you but does no damage.
The sky beast flickers out of sight for a moment.
The sky beast barely misses you. You block Harold's attack.
You hit Harold.
Harold is lightly wounded.
You closely miss the sky beast.
The sky beast hits you but does no damage.
Harold points at you and mumbles some strange words.
The mark upon you grows brighter.
You hit Harold but do no damage.
Harold is lightly wounded.
You hit the sky beast. Harold hits you but does no damage.
The sky beast hits you but does no damage.
Harold says happily, "The price on your head will fill my nest egg nicely!"
Harold points at you and mumbles some strange words.
You barely resist. You slash Harold!
Harold is moderately wounded.
You hit the sky beast. The sky beast hits you. The sky beast shocks you.
* * * LOW HITPOINT WARNING * * *
Harold hits you but does no damage.
Unknown command.
You closely miss the sky beast.
The sky beast is almost dead.
You slash Harold! Harold hits you with a +0 trident!
* * * LOW HITPOINT WARNING * * *
The sky beast hits you but does no damage.
Harold hits you but does no damage.
The sky beast hits you but does no damage.
You barely miss the sky beast.
The sky beast is almost dead.
You completely miss Harold. Harold hits you with a +0 trident!
* * * LOW HITPOINT WARNING * * *
The sky beast hits you.
* * * LOW HITPOINT WARNING * * *
The sky beast shocks you.
You die...

....# #. .......##...#
....#................#
..........#........... .
..D.......#......... ..
..................# ...
......##..........##...#
......#..............#
.........#......Y@...###
..............#.@.......
.#............####......
.#.#.........## .....
...#........####### ####
..............##..#
..............#...##
.#......##.........#
.#......##.........#
.......)...........#


You could see Harold (fast) and a sky beast (invisible).

Vanquished Creatures
  2 yaks
  Eustachio (D:4)
  A steam dragon (D:5)
  An acid dragon (D:7)
  A necrophage (D:4)
  2 phantoms
  4 kobold brigands
  A wyvern skeleton (D:6)
  4 wights (D:6)
  A bullfrog zombie (D:7)
  A centaur zombie (D:5)
  A bullfrog skeleton (D:5)
  5 orc priests
  A centaur skeleton (D:6)
  A gnoll shaman (D:5)
  2 iguanas
  6 orc wizards
  A scorpion zombie (D:5)
  Robin (D:3)
  9 gnolls
  10 adders
  13 river rats
  A shadow imp (D:6)
  An adder skeleton (D:4)
  3 worms
  6 dart slugs
  26 orcs
  14 ball pythons
  9 endoplasms
  2 giant cockroaches (D:2)
  9 goblins (D:3)
  7 hobgoblins
  13 quokkas
  3 bats (D:1)
  2 frilled lizards
  18 kobolds
  32 rats
215 creatures vanquished.

Notes
Turn   | Place    | Note
-------+----------+-------------------------------------------
     0 | D:1      | pokedragonboy the Formicid Fighter began the quest for the
                  | Orb.
     0 | D:1      | Reached XP level 1. HP: 18/18 MP: 1/1
    99 | D:1      | Found Niheovo's Antique Weapon Shoppe.
   108 | D:1      | Reached XP level 2. HP: 23/24 MP: 2/2
   114 | D:1      | Found Wevaan's Magic Scroll Shop.
   424 | D:1      | Found a faded altar of an unknown god.
   447 | D:1      | HP: 1/24 [kobold (3)]
   891 | D:1      | Reached XP level 3. HP: 28/29 MP: 3/3
  1194 | D:2      | You fall into a shaft and drop 1 floor!
  1242 | D:3      | Reached skill level 3 in Axes
  1242 | D:3      | Reached XP level 4. HP: 19/37 MP: 4/4
  1413 | D:3      | Reached XP level 5. HP: 34/42 MP: 5/5
  1651 | D:3      | Found Yphaulosso's Armour Boutique.
  1940 | D:2      | Reached skill level 4 in Axes
  2347 | D:2      | Reached XP level 6. HP: 45/49 MP: 6/6
  2802 | D:3      | Noticed Robin
  2828 | D:3      | Killed Robin
  2829 | D:3      | Reached skill level 1 in Invocations
  2871 | D:3      | Upgraded the game from 0.28-a0-563-gf77a47075d to
                  | 0.28-a0-577-gb193047a1f
  3187 | D:4      | Noticed Eustachio
  3214 | D:4      | Killed Eustachio
  3215 | D:4      | Reached skill level 5 in Axes
  3215 | D:4      | Reached XP level 7. HP: 31/55 MP: 6/8
  3293 | D:4      | Reached skill level 5 in Fighting
  3293 | D:4      | Reached skill level 5 in Armour
  3432 | D:4      | Found a glowing drain.
  3444 | Sewer    | Entered a sewer
  3807 | Sewer    | Reached XP level 8. HP: 41/62 MP: 10/10
  4282 | Sewer    | Reached skill level 6 in Axes
  4994 | D:5      | Entered Level 5 of the Dungeon
  5010 | D:5      | Found a glowing golden altar of the Shining One.
  5027 | D:5      | Became a worshipper of the Shining One
  6323 | D:1      | Bought a scroll of identify for 26 gold pieces
  6323 | D:1      | Bought a scroll of identify for 26 gold pieces
  6323 | D:1      | Bought a scroll of identify for 26 gold pieces
  6449 | D:6      | Reached skill level 7 in Axes
  6993 | D:5      | Reached skill level 5 in Shields
  6993 | D:5      | Reached XP level 9. HP: 54/69 MP: 9/11
  7148 | D:6      | Found a staircase to the Ecumenical Temple.
  7157 | D:6      | Reached * piety under the Shining One
  7199 | Temple   | Entered the Ecumenical Temple
  7369 | Temple   | Fell from the grace of the Shining One
  7369 | Temple   | Became a worshipper of Hepliaklqana the Forgotten
  7596 | D:6      | You fall into a shaft and drop 2 floors!
  7618 | D:8      | Identified the +1 long sword of Accord {flame, rC+}
  7654 | D:8      | Reached skill level 8 in Axes
  7761 | D:7      | HP: 2/71 [acid dragon/splash of acid (20)]
  7776 | D:7      | Found a shimmering blue altar of Sif Muna.
  7783 | D:7      | Found a stormy altar of Qazlal.
  7783 | D:7      | Found a blossoming altar of Fedhas.
  8060 | D:7      | Noticed Harold
  8075 | D:7      | HP: 2/72 [sky beast (2)]
  8075 | D:7      | Slain by a sky beast

Illustrated notes

Levels and vault maps discovered:
D:1:      dpeg_arrival_rooms_c, layout_basic, serial_shops, shop, shop,
          dreamdust_ecumenical_altar_statues
D:2:      layout_loops_ring, st_stairs_2
D:3:      layout_basic, serial_corexii_hall, corexii_hall_statues_s,
          chequers_hall_statues_y, serial_shops, nicolae_shop_waterfront,
          uniq_robin
D:4:      layout_loops_ring, portal_sewer_entry_d, uniq_eustachio
D:5:      lemuel_ratsnest, layout_loops_cross, mainiacjoe_overflow_chevrons,
          minmay_increasing_density
D:6:      layout_rooms, minmay_temple_entry_glassed_door, serial_shops,
          nicolae_shop_trees
D:7:      layout_cave_pools, nicolae_overflow_hidden_temple,
          chequers_ossuary_entry_cave, grunt_tough_drop, uniq_harold
D:8:      layout_loops_ring
Temple:   compressed_dpeg_circular_temple

Skill      XL: |  1  2  3  4  5  6  7  8  9 |
---------------+----------------------------+-----
Shields        | 4 5 6 |  6.2
Axes           | 3 4 5 7 8 |  8.4
Fighting       | 4 5 6 7 |  7.0
Armour         | 4 5 6 7 |  7.0
Invocations    | 1 2 3 |  3.0

Action                   |  1- 3 |  4- 6 |  7- 9 || total
-------------------------+-------+-------+-------++-------
Melee: War axe           |    89 |   128 |   501 ||   718
 Abil: Dig               |     3 |     3 |    25 ||    31
  Use: Potion            |     1 |       |     7 ||     8
       Scroll            |       |     4 |     7 ||    11
 Stab: Distracted        |       |     1 |       ||     1
Armor: Scale mail        |    50 |    46 |       ||    96
       Plate armour      |       |    13 |   261 ||   274
Dodge: Dodged            |    46 |    58 |   143 ||   247
Block: Buckler           |    19 |    24 |   103 ||   146

Table legend: (Time is in decaauts)
 A = Elapsed time spent in this place.
 B = Non-inter-level travel time spent in this place.
 C = Inter-level travel time spent in this place.
 D = Time resting spent in this place.
 E = Time spent auto-exploring this place.
 F = Levels seen in this place.
 G = Mean time per level.
                   A        B        C        D        E       F      G
               +--------+--------+--------+--------+--------+-----+--------+
         Total |   8397 |   8056 |    341 |   1909 |   4067 |  10 |  839.7 |
       Dungeon |   7103 |   6770 |    333 |   1732 |   3290 |   8 |  887.9 |
        Temple |    179 |    171 |      8 |      6 |    139 |   1 |  179.0 |
         Sewer |   1114 |   1114 |      0 |    171 |    638 |   1 | 1114.0 |
               +--------+--------+--------+--------+--------+-----+--------+

Top non-repeatable levels by time:
     D:5: 1864 daAuts
     D:3: 1410 daAuts
   Sewer: 1114 daAuts
     D:1: 1083 daAuts
     D:2: 918 daAuts
     D:4: 909 daAuts
     D:6: 412 daAuts
     D:7: 361 daAuts
  Temple: 179 daAuts
     D:8: 144 daAuts
